 Dungeon Crawl Stone Soup version 0.29.0-4-gdea44cf6ec (webtiles) character file.

Game seed: 8387743957314337103

97 qw the Chopper (level 4, -1/28 HPs)
             Began as a Gargoyle Fighter on Sept 10, 2022.
             Slain by a gnoll
             ... wielding a +0 spear
              (6 damage)
             ... on level 3 of the Dungeon.
             The game lasted 00:00:50 (2166 turns).

qw the Chopper (Gargoyle Fighter)                   Turns: 2166, Time: 00:00:50

Health: -1/28      AC: 11    Str: 21    XL:     4   Next: 68%
Magic:  4/4        EV:  9    Int: 12    God:
Gold:   84         SH:  4    Dex:  9    Spells: 3/3 levels left

rFire   . . .      SeeInvis .   Y - +0 war axe
rCold   . . .      Faith    .   c - +0 buckler
rNeg    + . .      Spirit   .   b - +0 scale mail
rPois   inf        Reflect  .   g - +0 helmet {Int+3}
rElec   +          Harm     .   (no cloak)
rCorr   .          Rampage  .   (no gloves)
Will    .....                   (no boots)
Stlth   ..........              (no amulet)
HPRegen 0.09/turn               (no ring)
MPRegen 0.09/turn               (no ring)

@: no status effects
A: sickness immunity, AC +3, negative energy resistance 1, electricity
resistance, torment resistance 1, petrification resistance
a: no special abilities


You were on level 3 of the Dungeon.
You visited 1 branch of the dungeon, and saw 3 of its levels.

You collected 102 gold pieces.
You spent 18 gold pieces at shops.


Innate Abilities, Weirdness & Mutations

You are immune to sickness and miasma.
Your stone body is resilient. (AC +3)
You are immune to poison.
You resist negative energy. (rN+)
You are resistant to electric shocks. (rElec)
You are resistant to unholy torment.
You are immune to petrification.


   Skills:
 - Level 3.2 Fighting
 + Level 4.3 Axes
 - Level 3.2 Armour
 - Level 3.2 Shields


You had 3 spell levels left.
You didn't know any spells.
Your spell library was empty.

Inventory:

Hand Weapons
 m - a +0 flail
 Y - a +0 war axe (weapon)
Missiles
 i - 7 boomerangs (quivered)
Armour
 b - a +0 scale mail (worn)
 c - a +0 buckler (worn)
 g - a +0 helmet of intelligence (worn)
Jewellery
 j - a ring of fire
 l - a ring of wizardry
Scrolls
 f - 2 scrolls of identify
Potions
 a - a potion of cancellation
 d - 2 potions of might
 e - 2 potions of lignification
 h - a potion of flight {unknown}
 k - a potion of attraction {unknown}
 n - a potion of invisibility {unknown}

Dungeon Overview and Level Annotations

Branches:
Dungeon (3/15)

Altars:
Gozag

Shops:
D:2 *


Message History

The jackal attacks as you move away!
The jackal bites you but does no damage.
You block the jackal's attack.
You slash the jackal!
You kill the jackal!
The gnoll misses you.
The jackal bites you but does no damage.
The gnoll hits you but does no damage. The gnoll hits you with a +0 spear.
You block the jackal's attack.
You see here a jackal corpse.
You barely miss the gnoll. You barely miss the jackal.
The gnoll hits you but does no damage. x2
The jackal bites you but does no damage.
The gnoll hits you but does no damage. You block the gnoll's attack.
You slash the gnoll!
The gnoll is almost dead.
You slash the jackal!
You kill the jackal!
The gnoll hits you with a +0 spear. The gnoll closely misses you.
You barely miss the gnoll.
The gnoll is almost dead.
You hit the gnoll. The gnoll hits you with a +0 spear!
The gnoll hits you but does no damage. The gnoll barely misses you.
You closely miss the gnoll.
The gnoll is almost dead.
You hit the gnoll. The gnoll hits you with a +0 spear.
The gnoll hits you but does no damage. x3
The gnoll hits you with a +0 club.
The gnoll hits you from afar with a +0 spear.
You closely miss the gnoll.
The gnoll is almost dead.
You slash the gnoll!
You kill the gnoll!
The gnoll closely misses you.
The gnoll hits you from afar with a +0 spear.
You closely miss the gnoll.
The gnoll is almost dead.
The gnoll hits you with a +0 spear.
You die...

#..#.# #.##.#
##..#.# #.##.#
#.....# #.##.#
#...### #.##..
#...# #.###. #...#
#..... #...########
#####. #..........#
#.
#.@#######.#######.
#.g)...... .......
#g8.}.8.## .......
#.......# ######.
#.}._.}.# ...
#........# ####
#.8.}.8..#
#........<


You could see 2 gnolls.

Vanquished Creatures
  Terence (D:3)
  A gnoll (D:3)
  2 dart slugs (D:1)
  3 ball pythons
  5 bats
  6 endoplasms
  3 giant cockroaches
  4 goblins
  3 hobgoblins
  2 jackals (D:3)
  6 kobolds
  6 quokkas (D:1)
  7 frilled lizards
  5 rats
54 creatures vanquished.

Notes
Turn   | Place    | Note
-------+----------+-------------------------------------------
     0 | D:1      | qw the Gargoyle Fighter began the quest for the Orb.
     0 | D:1      | Reached XP level 1. HP: 14/14 MP: 1/1
     0 | D:1      | 0 ||| qw: Version: 0.1-a-116-g5d60599
     0 | D:1      | 0 ||| qw: Game counter: 7568
     0 | D:1      | 0 ||| qw: Always use a shield: true
     0 | D:1      | 0 ||| qw: God list: Okawaru
     0 | D:1      | 0 ||| qw: Allow faded altars: false
     0 | D:1      | 0 ||| qw: Do Orc after D:15 true
     0 | D:1      | 0 ||| qw: Do second Lair branch before Depths: true
     0 | D:1      | 0 ||| qw: Lair rune preference: random
     0 | D:1      | 0 ||| qw: Plans: Normal, Zot, God:TSO, Crypt, Tomb, Zig,
                  | Orb
     0 | D:1      | 0 ||| PLANNING D:1-11
   180 | D:1      | Reached skill level 2 in Axes
   197 | D:1      | 197 ||| Stepping ~*~*~tactically~*~*~ (stealth).
   198 | D:1      | 198 ||| Stepping ~*~*~tactically~*~*~ (stealth).
   199 | D:1      | 199 ||| Stepping ~*~*~tactically~*~*~ (stealth).
   266 | D:1      | Reached XP level 2. HP: 17/19 MP: 2/2
   346 | D:1      | 346 ||| Stepping ~*~*~tactically~*~*~ (hiding).
   348 | D:1      | 348 ||| Stepping ~*~*~tactically~*~*~ (hiding).
   353 | D:1      | Reached skill level 3 in Axes
   466 | D:1      | Reached XP level 3. HP: 23/23 MP: 3/3
  1001 | D:1      | 1001 ||| UPGRADING to +0 helmet of intelligence.
  1006 | D:1      | 1006 ||| READING scroll labelled VATSUH WANLICKIO.
  1007 | D:1      | 1007 ||| DRINKING 3 amethyst potions.
  1050 | D:2      | Found Jofuhailoe's Assorted Antiques.
  1053 | D:2      | 1053 ||| Stepping ~*~*~tactically~*~*~ (stealth).
  1075 | D:2      | 1075 ||| SHOPLISTING 2 clear potions (37 gold, have 23).
  1075 | D:2      | 1075 ||| SHOPLISTING 2 murky clear potions (37 gold, have
                  | 23).
  1075 | D:2      | 1075 ||| BUYING coppery potion (18 gold).
  1075 | D:2      | Bought a coppery potion for 18 gold pieces
  1075 | D:2      | 1075 ||| SHOPLISTING scroll labelled TYDUAWNIRI (21 gold,
                  | have 5).
  1075 | D:2      | 1075 ||| SHOPLISTING scroll labelled UMIHODEWK OPPE (21
                  | gold, have 5).
  1138 | D:2      | 1138 ||| DROPPING +0 club.
  1268 | D:2      | 1268 ||| Stepping ~*~*~tactically~*~*~ (stealth).
  1269 | D:2      | 1269 ||| Stepping ~*~*~tactically~*~*~ (stealth).
  1291 | D:2      | 1291 ||| FLEEEEING.
  1299 | D:2      | 1299 ||| STAIRDANCE
  1340 | D:1      | 1340 ||| READING 2 scrolls labelled UMIHODEWK OPPE.
  1341 | D:1      | 1341 ||| DRINKING 2 coppery potions.
  1617 | D:2      | 1617 ||| DRINKING 2 glowing red potions.
  1618 | D:2      | 1618 ||| DROPPING potion of brilliance.
  1702 | D:3      | 1702 ||| Stepping ~*~*~tactically~*~*~ (stealth).
  1707 | D:3      | 1707 ||| FLEEEEING.
  1708 | D:3      | 1708 ||| FLEEEEING.
  1709 | D:3      | 1709 ||| FLEEEEING.
  1710 | D:3      | 1710 ||| FLEEEEING.
  1711 | D:3      | 1711 ||| FLEEEEING.
  1712 | D:3      | 1712 ||| FLEEEEING.
  1713 | D:3      | 1713 ||| FLEEEEING.
  1714 | D:3      | 1714 ||| FLEEEEING.
  1715 | D:3      | 1715 ||| FLEEEEING.
  1717 | D:3      | 1717 ||| FLEEEEING.
  1719 | D:3      | 1719 ||| FLEEEEING.
  1720 | D:3      | 1720 ||| FLEEEEING.
  1721 | D:3      | 1721 ||| FLEEEEING.
  1722 | D:3      | 1722 ||| FLEEEEING.
  1723 | D:3      | 1723 ||| FLEEEEING.
  1724 | D:3      | 1724 ||| FLEEEEING.
  1727 | D:3      | 1727 ||| STAIRDANCE
  1778 | D:3      | 1778 ||| Stepping ~*~*~tactically~*~*~ (stealth).
  1836 | D:3      | Reached XP level 4. HP: 28/28 MP: 4/4
  1980 | D:3      | Noticed Terence
  1985 | D:3      | Killed Terence
  1986 | D:3      | Reached skill level 4 in Axes
  1990 | D:3      | 1990 ||| FLEEEEING.
  1992 | D:3      | 1992 ||| FLEEEEING.
  1993 | D:3      | 1993 ||| FLEEEEING.
  1994 | D:3      | 1994 ||| FLEEEEING.
  1996 | D:3      | 1996 ||| FLEEEEING.
  1997 | D:3      | 1997 ||| FLEEEEING.
  1998 | D:3      | 1998 ||| FLEEEEING.
  1999 | D:3      | 1999 ||| FLEEEEING.
  2000 | D:3      | 2000 ||| FLEEEEING.
  2001 | D:3      | 2001 ||| FLEEEEING.
  2002 | D:3      | 2002 ||| FLEEEEING.
  2003 | D:3      | 2003 ||| FLEEEEING.
  2005 | D:3      | 2005 ||| FLEEEEING.
  2046 | D:3      | 2046 ||| DROPPING +0 whip.
  2102 | D:3      | Found an opulent altar of Gozag.
  2154 | D:3      | 2154 ||| Stepping ~*~*~tactically~*~*~ (stealth).
  2156 | D:3      | Found a faded altar of an unknown god.
  2158 | D:3      | 2158 ||| Stepping ~*~*~tactically~*~*~ (hiding).
  2165 | D:3      | HP: 5/28 [gnoll/+0 spear (4)]
  2166 | D:3      | Slain by a gnoll

Levels and vault maps discovered:
D:1:      dpeg_chamrin_arrival_tetris, layout_basic
D:2:      layout_basic, serial_shops, nicolae_shop_advertising_works
          [nicolae_subvault_shop_adworks]
D:3:      layout_loops_ring, nicolae_gozag_seed_capital,
          hellmonk_ecumenical_altar_dog_temple, uniq_terence

Skill      XL: |  1  2  3  4 |
---------------+-------------+-----
Axes           | 2 3 4 |  4.3
Fighting       | |  3.2
Armour         | |  3.2
Shields        | |  3.2

Action                   |  1- 3 |  4- 6 || total
-------------------------+-------+-------++-------
Melee: War axe           |   104 |    15 ||   119
Throw: Boomerang         |    28 |     1 ||    29
  Use: Potion            |     3 |       ||     3
       Scroll            |     2 |       ||     2
Armor: Scale mail        |    42 |    12 ||    54
Dodge: Dodged            |    50 |     9 ||    59
Block: Buckler           |    22 |     4 ||    26

Table legend:
 A = Non-vault XP
 B = Vault XP
 C = Vault XP percentage of total XP
 D = Non-vault monster count
 E = Vault monster count
 F = Vault count percentage of total count
                 A         B        C        D         E       F
            +---------+---------+-------+---------+---------+-------
      Total |      99 |      40 |  28.8 |      51 |       3 |   5.6
            +---------+---------+-------+---------+---------+-------
        D:1 |      50 |       0 |   0.0 |      27 |       0 |   0.0
        D:2 |      23 |       0 |   0.0 |      16 |       0 |   0.0
        D:3 |      26 |      40 |  60.6 |       8 |       3 |  27.3
            +---------+---------+-------+---------+---------+-------
